 Dungeon Crawl Stone Soup version 0.31-a0-1529-g7bd419a0e5 (webtiles) character file.

Game seed: 5943163015180132944

3168 GordonOverkill the Mimic (level 9, -4/52 HPs)
             Began as a Spriggan Delver on Dec 30, 2023.
             Was a Priest of Okawaru.
             Slain by a gnoll
             ... wielding a +0 flail
              (6 damage)
             ... on level 7 of the Dungeon on Dec 31, 2023.
             The game lasted 00:35:44 (9499 turns).

GordonOverkill the Mimic (Spriggan Delver)          Turns: 9499, Time: 00:35:45

Health: -4/52      AC:  9    Str: 15    XL:     9   Next: 63%
Magic:  12/12      EV: 10    Int: 13    God:    Okawaru [***...]
Gold:   369        SH:  0    Dex: 17    Spells: 8/8 levels left

rFire   . . .        z - melded +0 arbalest
rCold   . . .        (shield currently unavailable)
rNeg    . . .        C - melded +1 robe {rC+}
rPois   +            (helmet currently unavailable)
rElec   .            (cloak currently unavailable)
rCorr   .            (gloves unavailable)
SInv    +            (boots unavailable)
Will    +....        (no amulet)
Stlth   ++++         (no ring)
HPRegen 0.28/turn    (no ring)
MPRegen 0.13/turn

%: no passive effects
@: snake-form
A: constrict, boosted hp, large, no large weapons, unfitting armour, see
invisible, (speed 3)
a: Begin Untransformation, Renounce Religion, Heroism


You were on level 7 of the Dungeon.
You worshipped Okawaru.
Okawaru was most pleased with you.
You were an enormous serpent.
You visited 2 branches of the dungeon, and saw 8 of its levels.
You also visited: Bailey.

You collected 369 gold pieces.

Inventory:

Hand Weapons
 a - the +5 trident "Pideud" {speed, ^Drain rPois rF+ Int+5}
   (You found it in a bailey)

   Int+5:     It affects your intelligence (+5).
   rF+:       It protects you from fire.
   rPois:     It protects you from poison ^Drain: It drains your maximum health
   when unequipped.
 d - a +2 vampiric rapier
 l - a +0 sling
 z - a +0 arbalest (melded)
Missiles
 o - 8 poisoned darts (quivered)
Armour
 j - a +0 buckler
 A - a +0 troll leather armour
 C - a +1 robe of cold resistance (melded)
Magical Staves
 m - a staff of air
Jewellery
 t - a ring of fire
Talismans
 p - a dragon-blood talisman
 E - a serpent talisman (active)
Wands
 b - a wand of iceblast (7)
 g - a wand of digging (1)
 i - a wand of charming (11)
 B - a wand of polymorph (13)
Scrolls
 c - a scroll of fog
 k - 4 scrolls of teleportation
 n - 2 scrolls of amnesia
 r - a scroll of immolation {unknown}
 s - a scroll of enchant armour {unknown}
 x - a scroll of acquirement {unknown}
 y - 2 scrolls of blinking {unknown}
 D - a scroll of poison {unknown}
Potions
 f - a potion of haste
 h - a potion of ambrosia
 q - 2 potions of brilliance {unknown}
 u - 2 potions of cancellation
 v - 2 potions of mutation
 w - a potion of heal wounds
Miscellaneous
 e - a lightning rod (3/4)


   Skills:
 - Level 3.0 Fighting
 - Level 2.1 Short Blades
 - Level 4.0 Ranged Weapons
 - Level 1.0 Throwing
 - Level 2.6 Dodging
 - Level 7.2 Stealth
 + Level 5.6 Unarmed Combat
 - Level 3.0 Invocations
 - Level 5.0 Evocations
 - Level 11.0 Shapeshifting


You had 8 spell levels left.
You didn't know any spells.
Your spell library contained the following spells:

 Spells                   Type           Power      Damage    Failure   Level
 Sandblast                Erth           0%         2d4       30%         1
 Slow                     Hex            0%         N/A       30%         1
 Ensorcelled Hibernation  Hex/Ice        0%         N/A       43%         2
 Confusing Touch          Hex            0%         N/A       67%         3
 Passwall                 Erth           0%         N/A       67%         3
 Sigil of Binding         Hex            0%         N/A       67%         3
 Stone Arrow              Conj/Erth      0%         3d7       67%         3
 Swiftness                Air            0%         N/A       67%         3
 Vampiric Draining        Necr           0%         2d6       67%         3
 Brom's Barrelling Bould  Conj/Erth      0%         2d3       97%         4
 Iskenderun's Battlesphe  Conj           0%         2d6       100%        5
 Bombard                  Conj/Erth      0%         9d1       100%        6
 Spellforged Servitor     Conj/Summ      Unusable   N/A       N/A         7

Dungeon Overview and Level Annotations

Branches:
Dungeon (7/15)             Temple (1/1) D:4          Bailey (visited)

Altars:
Dithmenos
Elyvilon
Fedhas
Hepliaklqana
Makhleb
Nemelex Xobeh
Okawaru
Qazlal
Ru
Wu Jian
Xom
Yredelemnul
Zin
The Shining One

Shops:
D:6 =

Annotations:
D:3 3 runed translucent doors, confidenceinterval's ghost, weakling DrSh
D:7 Maurice


Innate Abilities, Weirdness & Mutations

You are an enormous serpent.
You have a powerful constriction melee attack.
Your maximum health is increased.
Your armour is entirely melded.
You are incapable of wielding weapons or throwing items.
You are very small and have problems with some larger weapons.
You are too small for most types of armour.
You have supernaturally acute eyesight. (SInv)
((You cover ground extremely quickly. (Speed+++)))


Message History

You constrict the gnoll. The gnoll hits you with a +0 halberd!
You hit the gnoll but do no damage.
The gnoll is severely wounded.
You constrict the gnoll. The gnoll closely misses you.
You lash the gnoll!
You kill the gnoll!
Okawaru accepts your kill. The gnoll closely misses you.
The gnoll sergeant hits you from afar with a +0 trident!
Things that are here:
a +0 halberd; a gnoll corpse You are too injured to fight recklessly!
You are too injured to fight recklessly!
You are too injured to fight recklessly!
You lash the gnoll! Your grab misses the gnoll.
The gnoll is severely wounded.
The gnoll hits you with a +0 flail!
* * * LOW HITPOINT WARNING * * *
The gnoll sergeant hits you from afar with a +0 trident.
* * * LOW HITPOINT WARNING * * *
The gnoll attacks as it pursues you! The gnoll closely misses you.
The gnoll sergeant attacks as it pursues you!
The gnoll sergeant barely misses you.
You hit the gnoll. Your grab misses the gnoll.
The gnoll is severely wounded.
The gnoll closely misses you.
The gnoll sergeant hits you from afar with a +0 trident.
* * * LOW HITPOINT WARNING * * *
The gnoll sergeant attacks as it pursues you!
The gnoll sergeant hits you from afar with a +0 trident!
* * * LOW HITPOINT WARNING * * *
The gnoll sergeant attacks as it pursues you!
The gnoll sergeant hits you from afar with a +0 trident!
* * * LOW HITPOINT WARNING * * *
The gnoll attacks as it pursues you! The gnoll hits you but does no damage.
The gnoll sergeant attacks as it pursues you!
The gnoll sergeant hits you from afar with a +0 trident.
* * * LOW HITPOINT WARNING * * *
The gnoll hits you with a +0 flail.
You die...

####### #.....# #.###.# ###..##.#
******#..#..#.## *,,,,,#...#.#.<#
***,****#.#...##.# ***
,,,,****##.#†###.# ********>,
***,,,,,#...#.#.S# *,,,,,,,,,
*,****#.#...#.g# *,#*****,, *,*
#..#..#.g#######.#####**,
***,****##..###....)gg....?...,*,
,,,,,,,**##_# ##.####o#...PP.P,,,
*,,,,,,,***## #.# #.#.PP...P,,,
,,,,,,,,,* #.#**#...go..P.,,,
,,,,,,,,,* #..,*###.g.g.PP,,,
*,>,,,,,,* ###,* *..P.P.P,,,


You could see a gnoll sergeant and a gnoll.

Vanquished Creatures
  A gargoyle (Bailey)
  Sigmund (D:2)
  A vampire (Bailey)
  A water moccasin (D:7)
  Duvessa (D:6)
  An orc warrior (D:6)
  An ice beast (D:7)
  2 ogres (D:6)
  A phantom (D:5)
  A kobold brigand (D:5)
  3 scorpions
  2 bullfrogs
  Dowan (D:6)
  7 vampire bats (Bailey)
  8 wolf zombies (Bailey)
  A bombardier beetle (D:5)
  A jelly (D:6)
  6 hounds
  4 orc priests
  2 sleepcaps
  4 iguanas
  2 orc wizards
  9 gnolls
  4 adders
  A shadow imp (D:6)
  2 white imps
  An ufetubus (D:6)
  3 dart slugs
  5 ribbon worms
  13 orcs
  7 ball pythons
  6 endoplasms
  2 giant cockroaches
  8 goblins
  8 hobgoblins
  2 jackals
  5 kobolds
  4 quokkas
  3 bats (D:1)
  2 frilled lizards
  24 orc zombies (Bailey)
  6 rats
167 creatures vanquished.

Vanquished Creatures (collateral kills)
  A scorpion (D:5)
1 creature vanquished.

Grand Total: 168 creatures vanquished

Notes
Turn   | Place    | Note
-------+----------+-------------------------------------------
     0 | D:5      | GordonOverkill the Spriggan Delver began the quest for the
                  | Orb.
     0 | D:5      | Reached XP level 1. HP: 11/11 MP: 2/2
    13 | D:6      | Noticed an orc priest
    13 | D:6      | Noticed an orc priest
    39 | D:6      | Noticed a hound
    63 | D:5      | Noticed a hound
   100 | D:5      | Noticed a phantom
   296 | D:5      | Noticed a kobold brigand
   296 | D:5      | Noticed a scorpion
   310 | D:5      | Noticed a scorpion
   313 | D:5      | Noticed an iguana
   313 | D:5      | Noticed a scorpion
   314 | D:5      | Killed a scorpion
   315 | D:5      | Reached skill level 1 in Throwing
   315 | D:5      | Reached XP level 2. HP: 16/16 MP: 3/3
   315 | D:5      | Reached XP level 3. HP: 19/19 MP: 4/4
   422 | D:5      | Reached XP level 4. HP: 18/23 MP: 5/5
   862 | D:4      | Noticed a bullfrog
   946 | D:5      | Killed a scorpion
   947 | D:5      | Reached skill level 3 in Shapeshifting
   947 | D:5      | Reached XP level 5. HP: 27/27 MP: 6/6
  1199 | D:4      | Found a burning altar of Makhleb.
  1530 | D:2      | Reached skill level 4 in Shapeshifting
  2271 | D:2      | Noticed Sigmund
  2761 | D:2      | Killed Sigmund
  2762 | D:2      | Reached skill level 6 in Shapeshifting
  2762 | D:2      | Reached XP level 6. HP: 32/32 MP: 7/7
  3022 | D:3      | Found a glowing golden altar of the Shining One.
  3106 | D:3      | Noticed confidenceinterval's ghost (weakling DrSh)
  3115 | D:3      | Found a runed translucent gate.
  3115 | D:3      | Found a runed translucent gate.
  3116 | D:3      | Found a runed translucent gate.
  3968 | D:4      | Found a staircase to the Ecumenical Temple.
  3985 | Temple   | Entered the Ecumenical Temple
  4002 | Temple   | Became a worshipper of Warmaster Okawaru
  4003 | Temple   | Upgraded the game from 0.31-a0-1511-g961fd35ebc to
                  | 0.31-a0-1529-g7bd419a0e5
  4144 | D:4      | Found a sacrificial altar of Ru.
  4206 | D:4      | Reached skill level 1 in Evocations
  4206 | D:4      | Reached XP level 7. HP: 25/35 MP: 8/8
  4283 | D:4      | Reached skill level 7 in Shapeshifting
  4850 | D:5      | Reached skill level 5 in Evocations
  4850 | D:5      | Reached skill level 1 in Invocations
  5695 | D:5      | Reached * piety under Okawaru
  6104 | D:5      | Reached XP level 8. HP: 28/39 MP: 11/11
  6236 | D:6      | Noticed Duvessa
  6264 | D:6      | Killed Duvessa
  6265 | D:6      | Reached skill level 8 in Shapeshifting
  6288 | D:6      | Noticed Dowan
  6343 | D:6      | Killed Dowan
  6563 | D:6      | Reached skill level 9 in Shapeshifting
  6744 | D:6      | Reached skill level 10 in Shapeshifting
  6789 | D:6      | Found Xuicog's Jewellery Boutique.
  7262 | D:6      | Found a glowing silver altar of Zin.
  7672 | D:7      | Found a shadowy altar of Dithmenos.
  7676 | D:7      | Noticed a troll
  7810 | D:7      | Reached ** piety under Okawaru
  7852 | D:7      | Found a flagged portal.
  8289 | Bailey   | Entered a bailey
  8358 | Bailey   | Reached skill level 11 in Shapeshifting
  8437 | Bailey   | Reached XP level 9. HP: 44/44 MP: 12/12
  8453 | Bailey   | Reached skill level 1 in Unarmed Combat
  8603 | Bailey   | Noticed a gargoyle
  8901 | Bailey   | Killed a gargoyle
  8998 | Bailey   | Identified the +5 trident "Pideud" {speed, ^Drain rPois rF+
                  | Int+5}
  9153 | Bailey   | Reached *** piety under Okawaru
  9154 | Bailey   | Reached skill level 5 in Unarmed Combat
  9168 | Bailey   | Identified the +10 chain mail "Luejestu" {Int+5}
  9278 | D:7      | Noticed Maurice
  9290 | D:7      | Found a shimmering altar of Xom.
  9499 | D:7      | HP: 2/52 [gnoll sergeant/+0 trident (5)]
  9499 | D:7      | Slain by a gnoll

Illustrated notes

Levels and vault maps discovered:
D:1:      erik_arrival_orb_chamber, layout_basic, glass_columns_c
D:2:      layout_loops_ring, uniq_sigmund
D:3:      layout_basic, mainiacjoe_overflow_cross_hatched, gammafunk_ghost_split
D:4:      layout_cave_pools, mainiacjoe_overflow_chevrons, hangedman_ru_absence,
          minmay_temple_entry_gardened_gates
D:5:      layout_loops_cross, gup_sewer_entry_spiral, minmay_crystal_water,
          nicolae_the_louvre
D:6:      dreamdust_elfheim, layout_loops_ring, amcnicky_altar_gilded,
          serial_shops, nicolae_shop_gaudy_bauble, serial_aquarium,
          aquarium_bridge_island_small [aquarium_subvault_small_open,
          aquarium_subvault_bridge, aquarium_subvault_wall,
          aquarium_subvault_bridge, aquarium_subvault_bridge],
          aquarium_bridge_straight [aquarium_subvault_bridge,
          aquarium_subvault_wall, aquarium_subvault_bridge,
          aquarium_subvault_wall], aquarium_window_2, aquarium_window_1,
          aquarium_window_corridor_3, aquarium_window_1, aquarium_view_2c,
          aquarium_view_2c, aquarium_pool_1, minmay_holes
D:7:      minmay_the_grid_square_5x5_3x3
          [minmay_the_grid_square_5x5_tetrominoes,
          minmay_the_grid_square_5x5_dogpile, minmay_the_grid_square_5x5_empty,
          minmay_the_grid_square_5x5_shuriken,
          minmay_the_grid_square_5x5_megaprize_crossed,
          minmay_the_grid_square_5x5_z, minmay_the_grid_square_5x5_n_small,
          minmay_the_grid_square_5x5_two,
          minmay_the_grid_square_5x5_doubleslash], layout_loops_ring,
          grunt_temple_overflow_magic_moments, nicolae_dithmenos_shadow_blocks,
          marbit_many_paths, enter_bailey_8, nicolae_grassy_gnolls, uniq_maurice
Temple:   hellmonk_temple_flake

Skill      XL: |  1  2  3  4  5  6  7  8  9 |
---------------+----------------------------+-----
Throwing       | 1 |  1.0
Ranged Weapons | 3 4 |  4.0
Shapeshifting  | 3 6 7 11 | 11.0
Evocations     | 1 5 |  5.0
Invocations    | 3 |  3.0
Fighting       | 3 |  3.0
Unarmed Combat | 5 |  5.6
Short Blades   | |  2.1
Dodging        | |  2.6
Stealth        | |  7.2

Action                     |  1- 3 |  4- 6 |  7- 9 || total
---------------------------+-------+-------+-------++-------
  Melee: Short sword       |     1 |    45 |    84 ||   130
         Punch             |       |     1 |     3 ||     4
         Unarmed           |       |       |   137 ||   137
         Constrict         |       |       |    33 ||    33
         Rapier            |       |       |    24 ||    24
   Fire: Sling             |    16 |   251 |    54 ||   321
         Arbalest          |       |       |   159 ||   159
  Throw: Dart              |     5 |     5 |     9 ||    19
  Evoke: Wand              |       |     3 |     9 ||    12
         Lightning rod     |       |       |     2 ||     2
    Use: Scroll            |       |     6 |     4 ||    10
         Potion            |       |       |     4 ||     4
   Stab: Sleeping          |     1 |     7 |    10 ||    18
 Armour: Robe              |     2 |    50 |    70 ||   122
         Skin              |       |       |   198 ||   198
  Dodge: Dodged            |     4 |   103 |   268 ||   375
   Form: Serpent           |       |       |     2 ||     2
                           |       |       |     1 ||     1

Table legend: (Time is in decaauts)
 A = Elapsed time spent in this place.
 B = Non-inter-level travel time spent in this place.
 C = Inter-level travel time spent in this place.
 D = Time resting spent in this place.
 E = Time spent auto-exploring this place.
 F = Levels seen in this place.
 G = Mean time per level.
                   A        B        C        D        E       F      G
               +--------+--------+--------+--------+--------+-----+--------+
         Total |   7510 |   7269 |    241 |   2203 |   2288 |   9 |  834.4 |
       Dungeon |   6613 |   6386 |    227 |   2025 |   2016 |   7 |  944.7 |
        Temple |     17 |      4 |     13 |      0 |      0 |   1 |   17.0 |
        Bailey |    879 |    879 |      0 |    178 |    272 |   1 |  879.0 |
               +--------+--------+--------+--------+--------+-----+--------+

Top non-repeatable levels by time:
     D:5: 2230 daAuts
     D:6: 1519 daAuts
  Bailey: 879 daAuts
     D:2: 690 daAuts
     D:3: 652 daAuts
     D:1: 529 daAuts
     D:4: 509 daAuts
     D:7: 481 daAuts
  Temple: 17 daAuts
